 Dungeon Crawl Stone Soup version 0.20.0-7-g3b7b877 (webtiles) character file.

2958 Gorglomux the Cleaver (level 9, -3/79 HPs)
             Began as a Hill Orc Fighter on May 29, 2017.
             Was an Elder of Beogh.
             Slain by Pikel
             ... wielding a +0 whip of electrocution
              (17 damage)
             ... on level 7 of the Dungeon.
             The game lasted 00:07:25 (6385 turns).

Gorglomux the Cleaver (Hill Orc Fighter)            Turns: 6385, Time: 00:07:26

Health: -3/79      AC:  9    Str: 20    XL:     9   Next: 81%
Magic:  9/9        EV:  6    Int:  8    God:    Beogh [****..]
Gold:   137        SH: 10    Dex: 12    Spells: 8/8 levels left

rFire    . . .     SeeInvis +   T - +0 broad axe
rCold    . . .     Gourm    .   c - +0 shield
rNeg     . . .     Faith    +   O - +0 plate armour
rPois    .         Spirit   .   x - +1 helmet {SInv}
rElec    .         Reflect  .   L - +0 cloak
rCorr    .         Harm     .   W - +0 pair of gloves
MR       .....                  (no boots)
Stlth    ..........             A - amulet of faith
Regen    0.3/turn               (no ring)
MPRegen  0.2/turn               (no ring)

@: corroded
A: no striking features
a: Smiting, Recall Orcish Followers, Renounce Religion


You were on level 7 of the Dungeon.
You worshipped Beogh.
Beogh was greatly pleased with you.
You were not hungry.

You visited 1 branch of the dungeon, and saw 7 of its levels.
You also visited: Sewer.

You collected 335 gold pieces.
You spent 198 gold pieces at shops.

Inventory:

Hand Weapons
 a - a +0 war axe
 T - a +0 broad axe (weapon)
Armour
 c - a +0 shield (worn)
 x - a +1 helmet of see invisible (worn)
 E - a +0 helmet
 L - a +0 cloak (worn)
 O - a +0 plate armour (worn)
 W - a +0 pair of gloves (worn)
Jewellery
 v - a cursed ring of loudness {unknown}
 A - an amulet of faith (around neck)
 X - an uncursed amulet of magic regeneration {unknown}
Wands
 I - a wand of iceblast (14/15)
Scrolls
 h - 4 scrolls of remove curse
 w - a scroll of enchant armour {unknown}
 y - a scroll of fog {unknown}
 F - 2 scrolls of immolation {unknown}
 H - 3 scrolls of amnesia {unknown}
 J - 3 scrolls of enchant weapon
 K - 2 scrolls of magic mapping {unknown}
 N - 3 scrolls of teleportation {unknown}
 P - a scroll of fear {unknown}
 Q - a scroll of noise {unknown}
 R - 6 scrolls of identify
 V - 6 scrolls of recharging
Potions
 d - a potion of might
 g - a potion of cancellation
 B - 3 potions of heal wounds {unknown}
 C - a potion of resistance
 D - 2 potions of magic
 G - 6 potions of brilliance {unknown}
 U - a potion of degeneration {unknown}
 Y - 2 potions of haste {unknown}
 Z - 3 potions of curing {unknown}
Comestibles
 f - 4 bread rations
 z - 6 meat rations
 M - 4 fruits
 S - a royal jelly


   Skills:
 + Level 7.0 Fighting
 + Level 11.6 Axes
 + Level 6.3 Armour
 + Level 3.9 Dodging
 + Level 6.3 Shields


You had 8 spell levels left.
You didn't know any spells.

Dungeon Overview and Level Annotations

Branches:
Dungeon (7/15)
 Temple: D:4-7

Altars:
Hepliaklqana
Nemelex Xobeh
Ru
Vehumet
Yredelemnul
The Shining One

Shops:
D:6 [

Annotations:
D:7 Pikel


Message History

The slave hits you but does no damage. You block the slave's attack.
Pikel says, "Slavery isn't that bad."
Pikel hits you with a whip of electrocution.
You are electrocuted!
The slave hits you but does no damage.
You barely miss the slave.
The slave is severely wounded.
You slash the jelly!
You kill the jelly!
Beogh accepts your kill.
Your Fighting skill increases to level 7!
You barely miss the slave. You closely miss the slave.
You hit Pikel but do no damage. The slave hits you.
The slave hits you but does no damage.
Pikel hits you with a whip of electrocution.
You are electrocuted!
* * * LOW HITPOINT WARNING * * *
You block the slave's attack. The slave barely misses you.
Pikel hits you but does no damage.
You are electrocuted!
You die...

# # # # # ######### #
........#################
.......p.................
.......p@................
......pK#################
.......p# ### ........#
#.. ........# #..
........# #.. ...[....#
#.. ........# #.. ###


You could see Pikel and 4 slaves.

Vanquished Creatures
  Grinder (D:3)
  Sigmund (D:3)
  Edmund (D:4)
  Duvessa (D:4)
  An ice beast (D:6)
  2 phantoms (D:4)
  A sky beast (D:6)
  A black bear (D:5)
  5 ogres
  Blork the orc (D:4)
  2 bullfrogs (Sewer)
  Dowan (D:4)
  3 scorpions
  3 killer bees (D:7)
  2 howler monkeys (D:4)
  A crimson imp (D:6)
  2 jellies
  An orc priest (D:5)
  2 bullfrog skeletons
  5 orc wizards
  4 worker ants
  2 hound zombies (D:6)
  2 hound skeletons (D:5)
  13 adders
  4 gnolls (D:4)
  5 river rats
  An ooze (D:2)
  An adder zombie (D:5)
  5 worms
  2 dart slugs
  3 leopard geckos
  16 orcs
  8 ball pythons (Sewer)
  9 bats
  A giant cockroach (D:1)
  5 hobgoblins
  7 jackals
  8 kobolds
  3 quokkas
  5 frilled lizards
  7 goblins
  A jackal skeleton (D:4)
  A leopard gecko zombie (D:5)
  30 rats
180 creatures vanquished.

Vanquished Creatures (collateral kills)
  An orc warrior (D:6)
  An orc wizard (D:7)
  An orc (D:6)
3 creatures vanquished.

Vanquished Creatures (others)
  A kobold (D:3)
  A quokka (D:3)
  2 rats (D:3)
4 creatures vanquished.

Grand Total: 187 creatures vanquished

Notes
Turn   | Place    | Note
-------+----------+-------------------------------------------
     0 | D:1      | Gorglomux the Hill Orc Fighter began the quest for the Orb.
     0 | D:1      | Reached XP level 1. HP: 19/19 MP: 1/1
    38 | D:1      | Reached skill level 3 in Axes
   105 | D:1      | Reached XP level 2. HP: 15/26 MP: 2/2
   296 | D:1      | Reached skill level 4 in Axes
   628 | D:1      | Reached XP level 3. HP: 31/31 MP: 3/3
  1194 | D:2      | Reached skill level 5 in Axes
  1230 | D:2      | Found a sacrificial altar of Ru.
  1497 | D:2      | Found a sparkling altar of Nemelex Xobeh.
  1699 | D:2      | Reached XP level 4. HP: 39/39 MP: 4/4
  1792 | D:3      | Found a hazy altar of Hepliaklqana.
  1860 | D:3      | Reached skill level 6 in Axes
  1985 | D:3      | Noticed Sigmund
  2002 | D:3      | Became a worshipper of Beogh the Brigand
  2004 | D:3      | Killed Sigmund
  2004 | D:3      | Reached skill level 8 in Axes
  2004 | D:3      | Reached XP level 5. HP: 19/45 MP: 5/5
  2004 | D:3      | Reached XP level 6. HP: 22/51 MP: 6/6
  2258 | D:3      | Found a faded altar of an unknown god.
  2427 | D:3      | Noticed Grinder
  2435 | D:3      | Paralysed by Grinder for 2 turns
  2450 | D:3      | HP: 2/51 [Grinder (4)]
  2451 | D:3      | Killed Grinder
  2451 | D:3      | Reached skill level 9 in Axes
  2451 | D:3      | Reached XP level 7. HP: 3/57 MP: 7/7
  2756 | D:4      | Reached skill level 10 in Axes
  2938 | D:4      | Reached skill level 1 in Dodging
  2992 | D:4      | Reached XP level 8. HP: 53/66 MP: 8/8
  2995 | D:4      | Reached * piety under Beogh
  3070 | D:4      | Found a glowing golden altar of the Shining One.
  3086 | D:4      | Noticed Dowan
  3093 | D:4      | Noticed Blork the orc
  3094 | D:4      | Noticed Duvessa
  3104 | D:4      | Killed Duvessa
  3111 | D:4      | Killed Dowan
  3115 | D:4      | Killed Blork the orc
  3430 | D:4      | Noticed Edmund
  3438 | D:4      | Killed Edmund
  3516 | D:5      | Entered Level 5 of the Dungeon
  3819 | D:5      | Reached ** piety under Beogh
  3891 | D:5      | Reached XP level 9. HP: 74/75 MP: 9/9
  4090 | D:5      | Reached skill level 11 in Axes
  4260 | D:6      | Found a glowing drain.
  4277 | D:6      | Found Xidwipp's Armour Shoppe.
  4295 | Sewer    | Entered a sewer
  4391 | Sewer    | Reached *** piety under Beogh
  4405 | Sewer    | Reached skill level 6 in Fighting
  4524 | Sewer    | Reached skill level 3 in Dodging
  4574 | Sewer    | Reached **** piety under Beogh
  4837 | D:6      | Bought a +1 helmet of see invisible for 198 gold pieces
  5058 | D:6      | Reached skill level 6 in Shields
  5072 | D:6      | Found a basalt altar of Yredelemnul.
  5127 | D:6      | Found a radiant altar of Vehumet.
  5149 | D:6      | Gained Harm as an ally
  5149 | D:6      | Reached skill level 6 in Armour
  6373 | D:7      | Noticed Pikel
  6385 | D:7      | Slain by Pikel

Skill      XL: |  1  2  3  4  5  6  7  8  9 |
---------------+----------------------------+-----
Axes           | 3 4 5 8 9 10 11 | 11.6
Fighting       | 4 5 7 |  7.0
Dodging        | 1 2 3 |  3.9
Armour         | 4 5 6 |  6.3
Shields        | 5 6 |  6.3

Action                   |  1- 3 |  4- 6 |  7- 9 || total
-------------------------+-------+-------+-------++-------
Melee: War axe           |   104 |    81 |   103 ||   288
       Broad axe         |       |       |   376 ||   376
Invok: Convert to Beogh  |       |     1 |       ||     1
       Recall Orcish Fol |       |       |     2 ||     2
  Use: Potion            |       |     2 |     1 ||     3
       Scroll            |       |       |     4 ||     4
  Eat: Chunk             |     3 |     2 |    14 ||    19
Armor: Scale mail        |    52 |    37 |       ||    89
       Plate armour      |       |       |   297 ||   297
Dodge: Dodged            |    38 |    14 |    95 ||   147
Block: Shield            |    85 |    25 |   262 ||   372
